 Dungeon Crawl Stone Soup version 0.27-a0-1579-g97d2440184 (webtiles) character file.

Game seed: 672467914442363450

55 Zonian the Conjurer (level 3, -2/17 HPs)
             Began as a Vine Stalker Conjurer on July 17, 2021.
             Slain by Robin (9 damage)
             ... on level 2 of the Dungeon.
             The game lasted 00:03:36 (5050 turns).

Zonian the Conjurer (Vine Stalker Conjurer)         Turns: 5050, Time: 00:03:39

Health: -2/17      AC:  2    Str:  9    XL:     3   Next: 93%
Magic:  0/7        EV: 12    Int: 18    God:
Gold:   44         SH:  0    Dex: 13    Spells: 6/7 levels left

rFire    . . .     SeeInvis .   c - +0 dagger
rCold    . . .     Faith    .   (no shield)
rNeg     . . .     Spirit   +   a - +0 robe
rPois    .         Reflect  .   (no helmet)
rElec    .         Harm     .   (no cloak)
rCorr    .         Rampage  .   (no gloves)
Will     .....                  (no boots)
Stlth    ++........             (no amulet)
HPRegen  0.05/turn              (no ring)
MPRegen  0.10/turn              (no ring)

@: very slightly contaminated
A: fangs 2, magic shield, antimagic bite, no potion heal 2
a: no special abilities


You were on level 2 of the Dungeon.
You visited 1 branch of the dungeon, and saw 2 of its levels.

You collected 44 gold pieces.

Inventory:

Hand Weapons
 c - a +0 dagger (weapon)
Armour
 a - a +0 robe (worn)
Scrolls
 d - a scroll of amnesia {unknown}
 g - 3 scrolls of holy word {unknown}
Potions
 b - a potion of curing {unknown}
 e - a potion of haste {unknown}
 f - 2 potions of ambrosia {unknown}


   Skills:
 + Level 0.6 Fighting
 + Level 0.4 Short Blades
 + Level 1.9 Dodging
 + Level 3.0 Stealth
 + Level 2.5 Spellcasting
 + Level 4.6 Conjurations


You had 6 spell levels left.
You knew the following spells:

 Your Spells              Type           Power      Damage    Failure   Level
a - Magic Dart            Conj           72%        1d6       2%          1

Your spell library contained the following spells:

 Spells                   Type           Power      Damage    Failure   Level
 Searing Ray              Conj           36%        3d4       4%          2
 Dazzling Flash           Conj/Hex       20%        N/A       21%         3
 Fulminant Prism          Conj/Hex       5%         3d7       54%         4
 Iskenderun's Mystic Bla  Conj/Tloc      10%        2d4       54%         4


Dungeon Overview and Level Annotations

Branches:
Dungeon (2/15)

Altars:

Annotations:
D:2 Robin


Innate Abilities, Weirdness & Mutations

You have extremely sharp teeth.
When hurt, damage is shared between your health and your magic reserves.
Your bite disrupts and absorbs the magic of your enemies.
Potions cannot restore your health.


Message History

The hobgoblin no longer looks unusually strong.
Unknown command.
The magic dart hits the hobgoblin.
The hobgoblin is severely wounded.
Robin says, "A pitiful Vine Stalker like you will never find the ORB!"
Robin roars a battlecry!
The hobgoblins go into a battle-frenzy!
The magic dart hits the hobgoblin but does no damage.
The hobgoblin is severely wounded.
The magic dart hits the hobgoblin.
You kill the hobgoblin!
The magic dart hits Robin.
Robin is severely wounded.
Unknown command.
The magic dart hits Robin.
Robin is severely wounded.
Robin roars a battlecry!
The goblin shouts!
The magic dart hits Robin.
Robin is almost dead.
A hobgoblin comes into view.
You miscast Magic Dart.
You are very lightly contaminated with residual magic.
Nothing appears to happen.
Robin says, "My goblins will feast on your bones."
Robin barely misses you.
You are too depleted to draw on your mana recklessly!
Unknown command.
You hit the hobgoblin.
The hobgoblin is severely wounded.
A hobgoblin comes into view.
Robin hits you from afar with a +0 trident.
The hobgoblin hits you.
The hobgoblin shouts!
You hit the hobgoblin but do no damage.
The hobgoblin is severely wounded.
The hobgoblin no longer looks unusually strong.
Robin hits you from afar with a +0 trident!
Ouch! That really hurt!
You die...

#....###....#.#.# #.#
##.....g....+.#.##########.#
##########....###......(.....#
...........).g..##############
..#####....)g...#
..'.............#
..####........g.## ..#
#..........g# ###
#'#'####...@# # ..... #....# #
..... #....# # ... #....# #
#..... # #...... #......
#......


You could see Robin, 3 hobgoblins and a goblin (strong).

Vanquished Creatures
  An adder (D:2)
  A worm (D:2)
  2 dart slugs (D:1)
  2 endoplasms
  2 giant cockroaches (D:1)
  8 goblins
  3 hobgoblins
  4 jackals (D:2)
  4 kobolds
  2 quokkas (D:1)
  2 ball pythons (D:2)
  2 bats
  2 rats (D:1)
35 creatures vanquished.

Notes
Turn   | Place    | Note
-------+----------+-------------------------------------------
     0 | D:1      | Zonian the Vine Stalker Conjurer began the quest for the
                  | Orb.
     0 | D:1      | Reached XP level 1. HP: 9/9 MP: 4/4
   728 | D:1      | Reached XP level 2. HP: 2/13 MP: 3/6
  1639 | D:1      | Found a faded altar of an unknown god.
  2824 | D:2      | Reached XP level 3. HP: 16/16 MP: 3/7
  4443 | D:2      | Noticed Robin
  5050 | D:2      | Slain by Robin

Illustrated notes

Levels and vault maps discovered:
D:1:      lemuel_arrival_behind_the_door_small, layout_loops_ring,
          dreamdust_ecumenical_altar_grove, minivault_26
D:2:      layout_basic, hex_intersection, uniq_terence, uniq_robin

Skill      XL: |  1  2  3 |
---------------+----------+-----
Stealth        | 3 |  3.0
Fighting       | |  0.6
Short Blades   | |  0.4
Dodging        | |  1.9
Spellcasting   | |  2.5
Conjurations   | |  4.6

Action                   || total
-------------------------++-------
Melee: Dagger            ||    76
       Bite              ||    17
 Cast: Magic Dart        ||    81
 Stab: Sleeping          ||     4
Armor: Robe              ||    11
Dodge: Dodged            ||    63

Table legend: (Time is in decaauts)
 A = Elapsed time spent in this place.
 B = Non-inter-level travel time spent in this place.
 C = Inter-level travel time spent in this place.
 D = Time resting spent in this place.
 E = Time spent auto-exploring this place.
 F = Levels seen in this place.
 G = Mean time per level.
                   A        B        C        D        E       F      G
               +--------+--------+--------+--------+--------+-----+--------+
         Total |   5050 |   5029 |     21 |   3452 |   1157 |   2 | 2525.0 |
       Dungeon |   5050 |   5029 |     21 |   3452 |   1157 |   2 | 2525.0 |
               +--------+--------+--------+--------+--------+-----+--------+

Top non-repeatable levels by time:
     D:1: 2885 daAuts
     D:2: 2165 daAuts
